 Dungeon Crawl Stone Soup version 0.18.1-48-g4cf74bf (webtiles) character file.

276043 Krapule the Warrior (level 19, -5/182 HPs)
             Began as a Minotaur Gladiator on Aug 10, 2016.
             Was the Champion of Cheibriados.
             Slain by a Hell Sentinel (14 damage)
             ... on level 3 of the Abyss on Aug 11, 2016.
             The game lasted 03:24:44 (45341 turns).

Krapule the Warrior (Minotaur Gladiator)           Turns: 45341, Time: 03:24:45

Health: -5/182     AC: 27    Str: 42      XL:     19   Next: 95%
Magic:  24/27      EV: 29    Int: 23      God:    Cheibriados [******]
Gold:   1485       SH:  0    Dex: 28 (29) Spells: 2 memorised, 22 levels left

rFire  . . .     SeeInvis .     a - +2 bardiche (freeze)
rCold  . . .     Gourm    .     c - +5 scale mail of Reason {MR- Dex+2 Stlth+}
rNeg   . . .     Faith    .     (shield currently unavailable)
rPois  .         Spirit   .     E - +2 hat {Int+3}
rElec  .         Dismiss  .     O - +1 cloak {+Inv}
rCorr  .         Reflect  .     M - +2 pair of gloves
SustAt .         Harm     .     Y - +0 pair of boots
MR     +....                    U - amulet of magic regeneration
Stlth  +.........               l - ring of protection from magic
                                y - +4 ring of protection

@: confused, about to teleport, regenerating, very slow, somewhat resistant to
hostile enchantments, very unstealthy
A: retaliatory headbutt, horns 2, deformed body
a: Bend Time, Temporal Distortion, Slouch, Step From Time, Renounce Religion,
Evoke Invisibility
}: 1/15 runes: decaying


You were on level 3 of the Abyss.
You worshipped Cheibriados.
Cheibriados was exalted by your worship.
You were not hungry.

You visited 6 branches of the dungeon, and saw 34 of its levels.
You visited the Abyss 2 times.
You also visited: Labyrinth, Sewer and Volcano.

You collected 3590 gold pieces.
You spent 2105 gold pieces at shops.

Inventory:

Hand Weapons
 a - a +2 bardiche of freezing (weapon)
 b - a +2 trident of flaming
Missiles
 d - 5 throwing nets
 N - 6 javelins (quivered)
Armour
 c - the +5 scale mail of Reason (worn) {MR- Dex+2 Stlth+}
   (You found it on level 6 of the Dungeon)

   It affects your dexterity (+2).
   It affects your resistance to hostile enchantments.
   It makes you more stealthy.
 E - a +2 hat of intelligence (worn)
 M - a +2 pair of gloves (worn)
 O - a +1 cloak of invisibility (worn)
 Y - a +0 pair of boots (worn)
Jewellery
 l - a ring of protection from magic (right hand)
 x - an uncursed ring of see invisible {unknown}
 y - a +4 ring of protection (left hand)
 A - an uncursed ring of positive energy
 B - the ring "Usyenona" {*Tele +Fly rF++ Dex-3}
   (You found it on level 3 of the Lair of Beasts)

   [ring of teleportation]

   It may teleport you next to monsters.
   It affects your dexterity (-3).
   It greatly protects you from fire.
   It lets you fly.
 D - the macabre finger necklace {rN+}
   (You found it on level 13 of the Dungeon)

   [amulet of nothing]

   It protects you from negative energy.
 L - an uncursed ring of protection from fire
 U - an amulet of magic regeneration (around neck)
Wands
 e - a wand of digging (7/24)
 h - a wand of disintegration (7/24)
 J - a wand of lightning (3/15)
 P - a wand of teleportation (4/9)
Scrolls
 g - 12 scrolls of remove curse
 i - 10 scrolls of identify
 m - a scroll of holy word
 n - 6 scrolls of teleportation
 q - a scroll of enchant armour
 s - 4 scrolls of blinking
 u - a scroll of amnesia
 w - 6 scrolls of fog
 z - 7 scrolls of magic mapping
 K - 4 scrolls of fear
Potions
 j - 8 potions of flight
 k - 4 potions of heal wounds
 o - 8 potions of lignification
 r - 3 potions of agility
 t - a potion of might
 v - 2 potions of cancellation
 I - 5 potions of ambrosia
 T - 2 potions of resistance
 W - 14 potions of curing
 Z - 2 potions of brilliance
Books
 p - a book of Conjurations

   Spells                             Type                      Level
   a - Magic Dart                     Conjuration                  1
   b - Searing Ray                    Conjuration                  2
   c - Dazzling Spray                 Conjuration/Hexes            3
   d - Fulminant Prism                Conjuration/Hexes            4
   e - Iskenderun's Mystic Blast      Conjuration                  4
   f - Iskenderun's Battlesphere      Conjuration/Charms           5
 F - a book of Alchemy

   Spells                             Type                      Level
   a - Sublimation of Blood           Necromancy                   2
   b - Ignite Poison                  Fire/Transmutation/Poison    3
   c - Petrify                        Transmutation/Earth          4
   d - Alistair's Intoxication        Transmutation/Poison         5
   e - Irradiate                      Conjuration/Transmutation    5
Comestibles
 f - 15 bread rations
 C - 24 royal jellies


   Skills:
 + Level 19.0 Fighting
 + Level 13.7 Polearms
 - Level 2.0 Throwing
 + Level 18.9 Armour
 + Level 15.3 Dodging
 - Level 5.0 Spellcasting
 - Level 5.0 Hexes
 - Level 11.0 Charms
 - Level 7.0 Necromancy
 + Level 13.2 Invocations


You had 22 spell levels left.
You knew the following spells:

 Your Spells              Type           Power        Failure   Level  Hunger
a - Regeneration          Chrm/Necr      #####.....   1%          3    ##.....
z - Spectral Weapon       Hex/Chrm       #####...     1%          3    ##.....


Dungeon Overview and Level Annotations

Branches:
Dungeon (15/15)            Temple (0/1) D:4            Lair (8/8) D:9
  Swamp (4/4) Lair:4       Spider (4/4) Lair:6        Slime (0/6) Lair:6
    Orc (2/2) D:11            Elf (0/3) Orc:2        Vaults (1/5) D:14
 Depths (0/5) D:15

Altars:
Ashenzari
Cheibriados
Dithmenos
Elyvilon
Kikubaaqudgha
Makhleb
Nemelex Xobeh
Okawaru
Pakellas
Sif Muna
Vehumet
Xom
Yredelemnul
Zin
Beogh
Jiyva

Shops:
D:5 :   D:6 =   D:7 (   D:10 :   D:12 %   Orc:2 :![%

Portals:
Hell: Lair:8
Pandemonium: Orc:2
Trove: D:10 (give wand of heal wounds (9))


Innate Abilities, Weirdness & Mutations

You reflexively headbutt those who attack you in melee.
You have a pair of horns on your head.
Armour fits poorly on your strangely shaped body.


Message History

The living lightning misses your spectral weapon.
The living lightning misses the raiju.
The raiju blinks! x6
The Hell Sentinel gestures at you.
The damnation unfurls!
The damnation engulfs you!
* * * LOW HITPOINT WARNING * * *
The damnation engulfs the Hell Sentinel.
The Hell Sentinel completely resists.
The damnation engulfs your spectral weapon.
Your spectral weapon shares its damage with you!
Your spectral weapon fades away.
* * * LOW HITPOINT WARNING * * *
The raiju barks!
A raiju comes into view.
The raiju barks!
Drink which item? (? for menu, Esc to quit)
You are confused.
You feel invigorated. The Hell Sentinel hits you!!
* * * LOW HITPOINT WARNING * * *
The Hell Sentinel hits you!
You die...

.. . . #. ... .. .
.#.# . .#..... # #
##.#.1# #.# . #.
#..# . #.#. #..
..# # .. .. ...
..# .## . #....##
.
.#..##.#.#...#....
..... .....#X#..#
.### . .. .
#.W1###.##. ###. #
. # #@hh.# .##.
#..# #.. #§†#...#
# .... #)#
.h....###.. . # .
## ##..####. ## ..
.. .h#h. # #.#
....# # ....# .
##.# . . .#.#.#.#
#.# # .##. #.#...#
.. #. #.# #. .# .
.# ###


You could see a Hell Sentinel, a large abomination, a hungry ghost and 5 raiju.

Vanquished Creatures
  Mara (Swamp:3)
  Norris (Spider:2)
  Arachne (Spider:4)
  Jorgrun (Swamp:4)
  3 thorn hunters
  2 vault wardens (Vaults:1)
  2 ghost moths
  3 emperor scorpions
  Donald (Vaults:1)
  A very ugly thing (Swamp:3)
  5 ironheart preservers (Vaults:1)
  The ghost of Galewin the Executioner, a journeyman MiBe of Trog (Orc:2)
  A stone giant (Vaults:1)
  The ghost of Elystan the Geomancer, a journeyman FoEE of Zin (D:15)
  The ghost of Gartch3 the Eclecticist, a journeyman DEFE of Vehumet (Orc:2)
  A dire elephant (Lair:8)
  Azrael (Orc:2)
  The ghost of sarahorange the Blocker, a journeyman MiFi of Okawaru (Lair:3)
  Snorg (Orc:2)
  An ettin (D:15)
  A minotaur (Lab)
  9 vault guards
  Josephine (Orc:2)
  2 yaktaur captains (Vaults:1)
  A fire dragon (Vaults:1)
  Harold (Lair:1)
  3 entropy weavers
  An ice dragon (Vaults:1)
  24 hydras
  7 centaur warriors
  3 death knights
  A deep troll shaman (Vaults:1)
  14 alligators
  11 ogre magi
  5 tengu warriors
  A queen ant (Spider:2)
  9 death yaks
  8 orc high priests
  A deep elf knight (Vaults:1)
  A deep troll earth mage (Vaults:1)
  2 spriggan berserkers (Swamp:4)
  17 skeletal warriors
  8 spatial maelstroms (Abyss:3)
  An infernal demonspawn (Orc:2)
  3 unseen horrors
  2 sea snakes (shapeshifter) (Vaults:1)
  A flayed ghost (D:15)
  13 swamp dragons
  A giant orange brain (Abyss:3)
  10 deep trolls (Vaults:1)
  A giant orange brain (shapeshifter) (D:15)
  3 spriggan druids (Swamp:4)
  3 shambling mangroves
  2 deep elf archers (Vaults:1)
  8 hill giants
  2 wizards
  2 phantasmal warriors
  23 wolf spiders
  A wolf spider zombie (D:14)
  12 hornets
  6 ironbrand convokers (Vaults:1)
  A necromancer (Vaults:1)
  15 orb spiders
  6 orc knights
  5 harpies (Vaults:1)
  3 manticores
  25 ugly things
  6 orc sorcerers
  5 deep elf magi
  4 cyclopes
  Joseph (D:9)
  4 griffons
  Maurice (D:8)
  4 elephants (Lair:7)
  2 sixfirhies
  5 vault sentinels (Vaults:1)
  A smoke demon (Lair:8)
  2 molten gargoyles (Volcano)
  9 black mambas
  3 torpor snails
  2 kobold demonologists (Vaults:1)
  26 spiny frogs
  2 orange demons (Lair:8)
  12 rime drakes
  8 komodo dragons
  4 freezing wraiths
  12 demonic crawlers
  6 yaktaurs (D:15)
  A rime drake (shapeshifter) (Vaults:1)
  3 ice devils
  2 ancient zymes (Abyss:3)
  A hellwing (Lair:8)
  5 red devils
  37 jumping spiders
  2 queen bees
  10 trolls
  A tengu conjurer (D:14)
  A giant leech (Swamp:3)
  14 two-headed ogres
  A wolf spider simulacrum (D:14)
  Prince Ribbit (D:8)
  11 blink frogs
  35 slime creatures
  3 boulder beetles
  A raiju (Abyss:3)
  3 large abominations (Abyss:3)
  10 bog bodies
  4 shadows
  65 redbacks
  27 tarantellas
  2 fire elementals (Orc:2)
  10 wraiths
  5 spriggans
  9 wyverns
  A vampire (D:10)
  7 basilisks
  2 fire bats (Volcano)
  A hog (shapeshifter) (D:15)
  71 yaks
  2 steam dragons
  11 hippogriffs
  6 hungry ghosts
  34 vampire mosquitoes
  24 swamp worms
  A warg (Orc:2)
  5 mottled dragons
  A soldier ant (shapeshifter) (D:13)
  14 insubstantial wisps
  23 spatial vortices (Abyss:3)
  5 soldier ants
  11 porcupines
  19 water moccasins
  A giant eyeball (shapeshifter) (Vaults:1)
  7 hell hounds
  10 swamp drakes
  An ice beast (D:6)
  14 wasps
  4 sky beasts
  An eye of draining (D:15)
  3 necrophages
  7 black bears
  6 starcursed masses (Abyss:3)
  42 orc warriors
  4 phantoms
  11 wolves
  49 ogres
  11 centaurs
  16 crocodiles
  A small abomination (Abyss:3)
  An elf zombie (D:7)
  6 big kobolds
  25 giant frogs
  3 wyvern zombies
  2 earth elementals
  40 killer bees
  5 scorpions
  13 wights
  5 howler monkeys
  8 electric eels
  8 crimson imps
  3 lava snakes (Volcano)
  4 human zombies (D:7)
  6 centaur zombies
  3 giant frog zombies
  29 orc wizards
  31 orc priests
  6 hounds
  2 human skeletons (D:7)
  4 jellies
  4 centaur skeletons
  3 giant frog skeletons
  12 iguanas
  15 worker ants
  38 sheep
  A mummy (D:7)
  2 worker ant zombies
  7 gnolls
  51 river rats
  13 adders
  A howler monkey skeleton (D:4)
  3 shadow imps
  3 oozes
  An adder zombie (D:5)
  2 adder skeletons (D:4)
  4 worms (D:2)
  4 dart slugs
  6 giant geckos
  71 orcs
  7 giant cockroaches
  11 goblins
  8 hobgoblins
  A jackal (Sewer)
  40 kobolds
  3 quokkas
  7 bats
  7 giant newts
  A jackal skeleton (D:4)
  2 orc zombies (D:7)
  A quokka skeleton (D:4)
  A quokka zombie (D:8)
  17 rats
  A macabre mass (Abyss:3)
  A plant (Lair:2)
1672 creatures vanquished.

Vanquished Creatures (others)
  A salamander stormcaller (Vaults:1)
  A vault sentinel (Vaults:1)
  A raiju (Abyss:3)
  A spriggan (Swamp:4)
  A water elemental (D:14)
  A yak (Lair:8)
  A wyvern (D:14)
  A vampire mosquito (Vaults:1)
  2 electric eels (D:14)
  20 fungi
  35 plants
  15 spectral weapons
80 creatures vanquished.

Grand Total: 1752 creatures vanquished

Notes
Turn   | Place    | Note
--------------------------------------------------------------
     0 | D:1      | Krapule the Minotaur Gladiator began the quest for the Orb.
     0 | D:1      | Reached XP level 1. HP: 18/18 MP: 0/0
   104 | D:1      | Reached XP level 2. HP: 25/25 MP: 1/1
   155 | D:1      | Reached skill level 1 in Armour
   630 | D:1      | Reached XP level 3. HP: 30/30 MP: 2/2
   705 | D:1      | Reached skill level 3 in Fighting
  1175 | D:2      | Reached XP level 4. HP: 38/38 MP: 3/3
  1209 | D:2      | Found an oddly glowing altar of Pakellas.
  1703 | D:3      | Reached XP level 5. HP: 45/45 MP: 4/4
  1801 | D:3      | Found a snail-covered altar of Cheibriados.
  1805 | D:3      | Found a burning altar of Makhleb.
  1812 | D:3      | Became a worshipper of Cheibriados the Contemplative
  2068 | D:4      | Found a staircase to the Ecumenical Temple.
  2085 | D:4      | Noticed an ogre
  2094 | D:4      | Killed an ogre
  2094 | D:4      | Reached skill level 5 in Polearms
  2099 | D:4      | Reached skill level 4 in Fighting
  2239 | D:4      | Reached XP level 6. HP: 33/52 MP: 5/5
  2240 | D:4      | Found a glowing drain.
  2251 | Sewer    | Entered a sewer
  2265 | Sewer    | Reached * piety under Cheibriados
  2265 | Sewer    | Reached skill level 1 in Invocations
  2474 | Sewer    | Found a white marble altar of Elyvilon.
  2621 | D:4      | Noticed a sky beast
  2635 | D:4      | Killed a sky beast
  2635 | D:4      | Reached skill level 5 in Dodging
  2772 | D:4      | Reached XP level 7. HP: 58/60 MP: 7/7
  2873 | D:4      | Found a shattered altar of Ashenzari.
  2873 | D:4      | Found a glowing silver altar of Zin.
  3099 | D:5      | Entered Level 5 of the Dungeon
  3117 | D:5      | Reached ** piety under Cheibriados
  3258 | D:5      | Found Kuah's Book Emporium.
  3270 | D:5      | Found an iron altar of Okawaru.
  3273 | D:5      | Found a basalt altar of Yredelemnul.
  3274 | D:5      | Found a sparkling altar of Nemelex Xobeh.
  3367 | D:5      | Reached skill level 5 in Fighting
  3678 | D:6      | Got a polished scale mail
  3691 | D:6      | Identified the +5 scale mail of Reason {MR- Dex+2 Stlth+} (You found it on level 6 of the Dungeon)
  3789 | D:6      | Found a white marble altar of Elyvilon.
  4035 | D:6      | Reached XP level 8. HP: 67/70 MP: 9/9
  4249 | D:6      | Found Suffy's Jewellery Emporium.
  4483 | D:6      | Reached skill level 6 in Fighting
  4483 | D:6      | Reached skill level 5 in Armour
  5062 | D:7      | Reached XP level 9. HP: 78/78 MP: 11/11
  5075 | D:7      | Reached *** piety under Cheibriados
  5183 | D:7      | Reached skill level 7 in Fighting
  5327 | D:7      | Found a basalt altar of Yredelemnul.
  5440 | D:7      | Reached skill level 5 in Invocations
  5495 | D:7      | Reached **** piety under Cheibriados
  5623 | D:7      | Found Etorawk Ikhla's Weapon Boutique.
  5735 | D:7      | Found an ancient bone altar of Kikubaaqudgha.
  5755 | D:7      | Found a radiant altar of Vehumet.
  5764 | D:7      | Found a deep blue altar of Sif Muna.
  5810 | D:8      | Noticed Prince Ribbit
  5827 | D:8      | Killed Prince Ribbit
  5827 | D:8      | Reached skill level 8 in Fighting
  5913 | D:8      | Reached skill level 1 in Spellcasting
  5913 | D:8      | Reached XP level 10. HP: 82/88 MP: 13/13
  6341 | D:8      | Noticed Maurice
  6349 | D:8      | Reached ***** piety under Cheibriados
  6352 | D:8      | Killed Maurice
  6458 | D:9      | Found a staircase to the Lair.
  6468 | D:9      | Noticed Joseph
  6475 | D:9      | Killed Joseph
  6631 | D:9      | Found a shimmering altar of Xom.
  6632 | D:9      | Found a shimmering altar of Xom.
  6632 | D:9      | Found a shimmering altar of Xom.
  6632 | D:9      | Found a shimmering altar of Xom.
  6637 | D:9      | Found a shimmering altar of Xom.
  6637 | D:9      | Found a shimmering altar of Xom.
  6637 | D:9      | Found a shimmering altar of Xom.
  6638 | D:9      | Found a shimmering altar of Xom.
  6648 | D:9      | Found a shimmering altar of Xom.
  7091 | D:9      | Reached skill level 9 in Fighting
  7244 | Lair:1   | Entered Level 1 of the Lair of Beasts
  7344 | Lair:1   | Reached XP level 11. HP: 78/97 MP: 13/15
  7563 | D:5      | Bought a book of Battle for 480 gold pieces
  7911 | Lair:1   | Noticed Harold
  7936 | Lair:1   | Killed Harold
  7936 | Lair:1   | Reached skill level 10 in Polearms
  8129 | Lair:1   | Learned a level 3 spell: Regeneration
  8133 | Lair:1   | Learned a level 3 spell: Spectral Weapon
  8176 | Lair:1   | Noticed an eight-headed hydra
  8181 | Lair:1   | Killed an eight-headed hydra
  8435 | Lair:2   | Reached skill level 1 in Necromancy
  8494 | Lair:1   | Reached skill level 1 in Charms
  8519 | Lair:1   | Reached skill level 1 in Hexes
  8565 | Lair:2   | Reached skill level 10 in Fighting
  8664 | Lair:2   | Reached ****** piety under Cheibriados
  9296 | Lair:3   | Got a transparent lapis lazuli ring
  9408 | Lair:3   | Reached skill level 10 in Armour
  9408 | Lair:3   | Reached XP level 12. HP: 106/106 MP: 17/17
  9537 | Lair:3   | Identified the ring "Usyenona" {*Tele +Fly rF++ Dex-3} (You found it on level 3 of the Lair of Beasts)
  9580 | Lair:3   | Noticed sarahorange's ghost (journeyman MiFi)
  9599 | Lair:3   | Killed sarahorange's ghost
  9976 | Lair:3   | Reached skill level 10 in Dodging
 10453 | Lair:4   | Found a staircase to the Swamp.
 10608 | Lair:4   | Reached skill level 11 in Fighting
 11072 | Lair:4   | Reached XP level 13. HP: 54/116 MP: 1/18
 11427 | Lair:5   | Found a dark tunnel.
 11435 | Volcano  | Entered a volcano
 11761 | Volcano  | Found a radiant altar of Vehumet.
 12346 | Lair:5   | Got a dazzling trident
 12347 | Lair:5   | Identified the cursed +0 trident of the Morning {freeze, rF+ Str+2} (You found it on level 5 of the Lair of Beasts)
 12996 | Lair:6   | Found a runed door.
 13014 | Lair:6   | Found a viscous altar of Jiyva.
 13016 | Lair:6   | Found a staircase to the Slime Pits.
 13170 | Lair:6   | Found a hole to the Spider Nest.
 13722 | Lair:7   | Reached skill level 12 in Fighting
 13731 | Lair:7   | Found a labyrinth entrance.
 13751 | Lab      | Entered a labyrinth
 14157 | Lab      | Noticed a minotaur
 14163 | Lab      | Killed a minotaur
 14167 | Lab      | Got an encrusted leather armour
 14186 | Lair:7   | Identified the +1 leather armour of Eternal Night {Str-3 Dex+4} (You found it in a labyrinth)
 15168 | Lair:8   | Entered Level 8 of the Lair of Beasts
 15173 | Lair:8   | Reached XP level 14. HP: 122/127 MP: 20/20
 15174 | Lair:8   | Reached skill level 5 in Charms
 15179 | Lair:8   | Reached skill level 10 in Invocations
 16130 | Lair:8   | Reached skill level 13 in Fighting
 16229 | Lair:8   | Found a burning altar of Makhleb.
 16562 | Lair:8   | Found a gateway to Hell.
 16863 | D:10     | Entered Level 10 of the Dungeon
 17233 | D:10     | Found Imonkiaps's Book Boutique.
 17270 | D:10     | Found a shimmering altar of Xom.
 17379 | D:10     | Found a portal to a secret trove of treasure.
 18361 | D:11     | Reached XP level 15. HP: 137/137 MP: 21/21
 18549 | D:11     | Found a staircase to the Orcish Mines.
 18659 | D:11     | Reached skill level 14 in Fighting
 19264 | D:12     | Found Beletz's Food Shop.
 19692 | Orc:1    | Entered Level 1 of the Orcish Mines
 20243 | Orc:2    | Entered Level 2 of the Orcish Mines
 20243 | Orc:2    | Noticed Galewin's ghost (journeyman MiBe)
 20342 | Orc:2    | Found a staircase to the Elven Halls.
 20785 | Orc:2    | Killed Galewin's ghost
 20891 | Orc:2    | Noticed Gartch3's ghost (journeyman DEFE)
 20901 | Orc:2    | Killed Gartch3's ghost
 20984 | Orc:2    | Noticed Snorg
 20988 | Orc:2    | Noticed Azrael
 20994 | Orc:2    | Killed Azrael
 20997 | Orc:2    | Killed Snorg
 21358 | Orc:2    | Noticed Josephine
 21361 | Orc:2    | Killed Josephine
 21453 | Orc:2    | Found Ruheig's Food Emporium.
 21482 | Orc:2    | Reached skill level 15 in Fighting
 22029 | Orc:2    | Found Taupupi's Distillery.
 22096 | Orc:2    | Reached skill level 15 in Armour
 22795 | Orc:2    | Reached skill level 10 in Charms
 22870 | Orc:2    | Gained mutation: Armour fits poorly on your strangely shaped body. [a neqoxec]
 22998 | Orc:2    | Found Qoklopn's Book Shop.
 22998 | Orc:2    | Found Rimiunar's Antique Armour Boutique.
 22998 | Orc:2    | Found a one-way gate leading to the halls of Pandemonium.
 23004 | Orc:2    | Bought a polished ice dragon armour for 1625 gold pieces
 23015 | Orc:2    | Identified the cursed +0 ice dragon armour of Grot {rF- rC++ rN++} (You bought it in a shop on level 2 of the Orcish Mines)
 24081 | Swamp:1  | Entered Level 1 of the Swamp
 24314 | Swamp:1  | Reached XP level 16. HP: 127/149 MP: 22/22
 26095 | Swamp:2  | Reached skill level 16 in Fighting
 27179 | Swamp:3  | Noticed a thorn hunter
 27186 | Swamp:3  | Killed a thorn hunter
 27189 | Swamp:3  | Noticed Mara
 27200 | Swamp:3  | Killed Mara
 27633 | Swamp:4  | Entered Level 4 of the Swamp
 28625 | Swamp:4  | Noticed a thorn hunter
 28989 | Spider:1 | Entered Level 1 of the Spider Nest
 30249 | Spider:1 | Reached XP level 17. HP: 135/160 MP: 23/23
 30778 | Spider:1 | Reached skill level 5 in Spellcasting
 31027 | Spider:2 | Reached skill level 17 in Fighting
 31894 | Spider:2 | Noticed Norris
 31896 | Spider:2 | Paralysed by Norris for 5 turns
 31906 | Spider:2 | Killed Norris
 34046 | Spider:3 | Reached skill level 5 in Necromancy
 35194 | Spider:3 | Found a roughly hewn altar of Beogh.
 35358 | Spider:4 | Entered Level 4 of the Spider Nest
 35866 | Spider:4 | Noticed Arachne
 35886 | Spider:4 | Killed Arachne
 36916 | Swamp:4  | Reached XP level 18. HP: 161/170 MP: 22/25
 36971 | Swamp:4  | Noticed Jorgrun
 36987 | Swamp:4  | Killed Jorgrun
 37974 | Swamp:4  | Got a decaying rune of Zot
 39096 | D:13     | Reached skill level 18 in Fighting
 40646 | D:14     | Found a gate to the Vaults.
 40704 | D:14     | Found a shadowy altar of Dithmenos.
 40927 | Vaults:1 | Entered Level 1 of the Vaults
 41417 | Vaults:1 | Reached XP level 19. HP: 180/180 MP: 27/27
 41688 | Vaults:1 | Noticed Donald
 41696 | Vaults:1 | Killed Donald
 43680 | D:15     | Entered Level 15 of the Dungeon
 43944 | D:15     | Noticed Elystan's ghost (journeyman FoEE)
 43947 | D:15     | Killed Elystan's ghost
 43950 | D:15     | Reached skill level 15 in Dodging
 43967 | D:15     | Cast into level 2 of the Abyss (an ogre mage)
 43987 | D:15     | Escaped the Abyss
 44659 | D:15     | Found a staircase to the Depths.
 44880 | D:15     | Reached skill level 5 in Hexes
 45060 | D:15     | Cast into level 3 of the Abyss (a wizard)
 45060 | Abyss:3  | Found a corrupted altar of Lugonu.
 45137 | Abyss:3  | Reached skill level 19 in Fighting
 45341 | Abyss:3  | HP: 9/182 [Hell Sentinel (28)]
 45341 | Abyss:3  | Slain by a Hell Sentinel

Skill      XL: |  1  2  3  4  5  6  7  8  9 10 11 12 13 14 15 16 17 18 19 |
---------------+----------------------------------------------------------+-----
Armour         | 1 2 3 4 5 7 8 10 11 12 13 15 16 17 18 | 18.9
Polearms       | 4 5 6 7 8 9 10 11 12 13 | 13.7
Fighting       | 3 4 5 6 8 9 10 11 12 13 15 16 17 18 19 | 19.0
Dodging        | 4 5 6 7 9 10 11 12 13 14 15 | 15.3
Invocations    | 2 3 4 5 6 8 9 10 11 12 13 | 13.2
Spellcasting   | 1 2 3 4 5 |  5.0
Necromancy     | 2 3 4 5 7 |  7.0
Charms         | 2 3 4 8 10 11 | 11.0
Hexes          | 1 3 4 5 |  5.0
Throwing       | |  2.0

Action                   |  1- 3 |  4- 6 |  7- 9 | 10-12 | 13-15 | 16-18 | 19-21 || total
-------------------------+-------+-------+-------+-------+-------+-------+-------++-------
Melee: Trident           |   109 |   154 |   292 |   145 |    50 |    47 |       ||   797
       Headbutt          |    15 |    26 |    88 |   135 |   260 |   321 |   130 ||   975
       Halberd           |       |       |       |   308 |   211 |       |       ||   519
       Glaive            |       |       |       |       |   218 |       |       ||   218
       Bardiche          |       |       |       |       |   492 |  1100 |   363 ||  1955
Throw: Throwing net      |       |     2 |       |     2 |       |       |       ||     4
       Javelin           |       |       |       |     1 |       |       |       ||     1
 Cast: Spectral Weapon   |       |       |       |     1 |    18 |    15 |    12 ||    46
       Regeneration      |       |       |       |       |     6 |    10 |    13 ||    29
Invok: Slouch            |       |       |       |     3 |     6 |     2 |     6 ||    17
       Step From Time    |       |       |       |       |     1 |     1 |     1 ||     3
Evoke: Wand              |       |       |       |       |     6 |     3 |     1 ||    10
  Use: Scroll            |       |    10 |     3 |     6 |    17 |     3 |     2 ||    41
       Potion            |       |       |       |     1 |       |     5 |     1 ||     7
 Stab: Sleeping          |       |       |     2 |     5 |    14 |     4 |     3 ||    28
       Distracted        |       |       |     2 |     5 |    12 |    15 |       ||    34
  Eat: Chunk             |     1 |     5 |     5 |    10 |    23 |    12 |     9 ||    65
       Royal jelly       |       |       |       |       |     1 |     1 |       ||     2
       Fruit             |       |       |       |       |     3 |       |       ||     3
       Meat ration       |       |       |       |       |       |     2 |       ||     2
       Beef jerky        |       |       |       |       |       |     2 |       ||     2
       Bread ration      |       |       |       |       |       |     1 |       ||     1
       Pizza             |       |       |       |       |       |       |     1 ||     1
Armor: Scale mail        |    22 |    37 |    98 |   124 |   324 |   583 |   184 ||  1372
       Leather armour    |       |       |       |       |     2 |       |       ||     2
       Ice dragon armour |       |       |       |       |     1 |       |       ||     1
Dodge: Dodged            |    36 |    60 |   148 |   389 |  1197 |  1961 |   735 ||  4526
